 Dungeon Crawl Stone Soup version 0.22.0-16-gc6d26f6 (webtiles) character file.

1813 Xenophilius the Zephyrmancer (level 9, -9/53 HPs)
             Began as a Tengu Air Elementalist on Aug 17, 2018.
             Was a Follower of Vehumet.
             Mangled by a thrashing horror (13 damage)
             ... on level 2 of the Abyss.
             The game lasted 00:38:58 (8109 turns).

Xenophilius the Zephyrmancer (TeAE)                 Turns: 8109, Time: 00:38:59

Health: -9/53      AC:  6    Str:  9      XL:     9   Next: 10%
Magic:  16/18      EV: 16    Int: 19      God:    Vehumet [*.....]
Gold:   375        SH:  0    Dex: 13 (14) Spells: 7/19 levels left

rFire    . . .     SeeInvis .   a - +1 dagger (venom)
rCold    . . .     Gourm    .   (no shield)
rNeg     . . .     Faith    .   F - +0 robe
rPois    .         Spirit   .   (helmet restricted)
rElec    .         Reflect  .   Y - +0 cloak
rCorr    .         Harm     .   b - +1 pair of gloves
MR       .....                  (boots unavailable)
Stlth    ++........             (no amulet)
HPRegen  0.57/turn              (no ring)
MPRegen  0.16/turn              (no ring)

@: about to teleport, flying quickly and evasively, very slightly contaminated,
quick
A: beak, talons 3, rugged brown scales 1, regeneration 1, able to fly 1
a: Renounce Religion


You were on level 2 of the Abyss.
You worshipped Vehumet.
Vehumet was aware of your devotion.
You were hungry.

You visited 1 branch of the dungeon, and saw 6 of its levels.
You visited the Abyss 1 time.

You collected 375 gold pieces.

Inventory:

Hand Weapons
 a - a +1 dagger of venom (weapon)
 d - a +0 hunting sling
 g - a +0 club
 m - a +1 halberd of chopping
 n - a +0 short sword
 t - a +0 trident
 w - a +0 blowgun
 y - a +0 flail
 G - a +0 flail
 I - a +1 scythe of venom
 K - a +0 hunting sling
 L - a +0 hunting sling
 R - a cursed +6 great sword
 S - a +4 dagger of freezing
 U - a +1 short sword of draining
 V - a +1 morningstar of crushing
 W - a +2 dagger of speed
Missiles
 f - 151 arrows
 p - 218 stones (quivered)
 x - 21 poisoned needles
 B - 4 tomahawks
 D - 48 bolts
 P - 15 sling bullets
Armour
 b - a +1 pair of gloves (worn)
 F - a +0 robe (worn)
 Y - a +0 cloak (worn)
Jewellery
 z - an uncursed ring of wizardry {unknown}
 A - a +3 ring of evasion {unknown}
 H - the ring "Peudehiwk" {rCorr rF- rN+ Slay+3, unknown}
   (You found it on level 4 of the Dungeon)

   [ring of resist corrosion]

   It affects your accuracy and damage with ranged weapons and melee attacks
   (+3).
   It makes you vulnerable to fire.
   It protects you from negative energy.
 T - an uncursed ring of protection from fire {unknown}
Wands
 j - a wand of paralysis (16)
 q - a wand of digging (15)
Scrolls
 e - a scroll of magic mapping
 h - a scroll of enchant weapon {unknown}
 i - a scroll of immolation
 k - 3 scrolls of amnesia
 o - a scroll of fog
 r - a scroll of remove curse
 s - a scroll of blinking
 v - a scroll of fear {unknown}
 C - a scroll of teleportation
 E - a scroll of enchant armour {unknown}
 N - a scroll of noise {unknown}
Potions
 l - 2 potions of brilliance
 u - 2 potions of curing
 J - a potion of mutation
 O - a potion of flight
 Q - a potion of might
 X - 2 potions of resistance
Comestibles
 c - 9 rations


   Skills:
 + Level 4.7 Fighting
 - Level 3.6 Dodging
 - Level 2.0 Stealth
 + Level 5.6 Spellcasting
 * Level 6.0 Conjurations
 + Level 1.2 Charms
 + Level 9.3 Air Magic


You had 7 spell levels left.
You knew the following spells:

 Your Spells              Type           Power        Failure   Level  Hunger
a - Shock                 Conj/Air       ####         1%          1    None
i - Iskenderun's Battles  Conj/Chrm      ###.....     58%         5    #####..
s - Airstrike             Air            #####.....   2%          4    ####...
S - Swiftness             Chrm/Air       ####....     1%          2    None

Your spell library contained the following spells:

 Spells                   Type           Power        Failure   Level  Hunger
 Lightning Bolt           Conj/Air       ####......   14%         5    #####..
 Bolt of Magma            Conj/Fire/Erth ##........   82%         5    #####..
 Venom Bolt               Conj/Pois      ###.......   67%         5    #####..
 Iron Shot                Conj/Erth      ###.......   99%         6    #######
 Static Discharge         Conj/Air       ####....     1%          3    ##.....
 Orb of Destruction       Conj           ####......   100%        7    #######
 Spellforged Servitor     Conj/Summ      ###.......   100%        7    #######


Dungeon Overview and Level Annotations

Branches:
Dungeon (6/15)
 Temple: D:4-7

Altars:
Cheibriados
Gozag
Hepliaklqana
Qazlal
Trog
Uskayaw
Vehumet
Wu Jian
Xom
The Shining One

Shops:
D:6 *

Annotations:
D:2 fly?
D:6 exclusion: centaur


Innate Abilities, Weirdness & Mutations

You have a beak for a mouth.
You have claws for feet.
You can fly.
You are partially covered in rugged brown scales. (AC +1, +3% HP)
Your natural rate of healing is unusually fast.


Message History

Unknown command.
You feel much better.
The thrashing horror roars!
The thrashing horror misses you. The thrashing horror tramples you.
You are shoved backwards!
The thrashing horror closely misses you.
The thrashing horror barely misses you. The thrashing horror barely misses you.
The thrashing horror closely misses you.
The thrashing horror completely misses you.
The thrashing horror closely misses you.
The thrashing horror misses you. The thrashing horror tramples you!
You are shoved backwards!
The thrashing horror tramples you.
You are shoved backwards!
The thrashing horror roars!
The thrashing horror tramples you!
* * * LOW HITPOINT WARNING * * *
You are shoved backwards!
The thrashing horror tramples you!
You die...

#.. .##.#.# ####
# ##...#.J##.#
#.# #..###
X..#..#..#. #
##..#.#..# #
#G.#. #
#....######.# .
## .#
#.#.......###...
# #..#..##....#
. . .
###.###.#......#
#
#...@XX####....
##. #.#####ยง
..# #..## # ###


You could see 2 thrashing horrors.

Vanquished Creatures
  Sigmund (D:4)
  A sky beast (D:5)
  3 slaves
  2 centaurs (D:6)
  A big kobold (D:6)
  2 bullfrogs (D:6)
  A scorpion (D:6)
  A howler monkey (D:5)
  3 wights (D:6)
  A crimson imp (D:5)
  2 jellies (Abyss:2)
  2 quasits
  4 orc priests
  6 hounds
  2 iguanas (D:4)
  A bullfrog skeleton (D:6)
  A worker ant (D:4)
  3 orc wizards
  A hound skeleton (D:6)
  Robin (D:4)
  6 gnolls
  11 adders
  A worm (D:2)
  7 dart slugs (D:3)
  6 leopard geckos
  20 orcs
  A ball python (D:6)
  7 giant cockroaches
  21 goblins
  15 hobgoblins
  8 jackals
  7 bats
  7 frilled lizards
  8 kobolds
  A leopard gecko skeleton (D:4)
  6 rats
171 creatures vanquished.

Vanquished Creatures (others)
  A plant (D:6)
1 creature vanquished.

Grand Total: 172 creatures vanquished

Notes
Turn   | Place    | Note
-------+----------+-------------------------------------------
     0 | D:1      | Xenophilius the Tengu Air Elementalist began the quest for the Orb.
     0 | D:1      | Reached XP level 1. HP: 10/10 MP: 4/4
   289 | D:1      | Reached XP level 2. HP: 16/16 MP: 4/6
   978 | D:1      | Reached XP level 3. HP: 20/20 MP: 5/7
  1001 | D:1      | Learned a level 2 spell: Swiftness
  1062 | D:1      | Reached skill level 1 in Fighting
  1458 | D:2      | Reached skill level 5 in Air Magic
  1463 | D:2      | Reached XP level 4. HP: 25/25 MP: 2/8
  1850 | D:2      | Learned a level 4 spell: Airstrike
  2648 | D:3      | Gained mutation: You can fly. [Tengu growth]
  2648 | D:3      | Reached XP level 5. HP: 25/29 MP: 6/10
  2832 | D:3      | Found a bloodstained altar of Trog.
  3429 | D:3      | Reached skill level 6 in Air Magic
  4025 | D:4      | Found a hazy altar of Hepliaklqana.
  4026 | D:4      | Found a shimmering altar of Xom.
  4026 | D:4      | Noticed a caustic shrike
  4027 | D:4      | Noticed a spectral ugly thing
  4027 | D:4      | Noticed a caustic shrike
  4087 | D:4      | Reached XP level 6. HP: 35/35 MP: 7/11
  4180 | D:4      | Got a coiled amber ring
  4349 | D:4      | Noticed Sigmund
  4356 | D:4      | Killed Sigmund
  4356 | D:4      | Reached skill level 7 in Air Magic
  4433 | D:4      | Reached XP level 7. HP: 40/40 MP: 7/13
  4567 | D:4      | Noticed Robin
  4593 | D:4      | Killed Robin
  4691 | D:4      | Found an ornate altar of the Wu Jian Council.
  5392 | D:5      | Entered Level 5 of the Dungeon
  5478 | D:5      | Found a snail-covered altar of Cheibriados.
  5793 | D:5      | Reached skill level 8 in Air Magic
  5806 | D:5      | Reached skill level 5 in Conjurations
  5954 | D:5      | Found a glowing golden altar of the Shining One.
  6037 | D:5      | Found a stormy altar of Qazlal.
  6476 | D:5      | Found a radiant altar of Vehumet.
  6484 | D:5      | Became a worshipper of Vehumet
  6555 | D:6      | Found an opulent altar of Gozag.
  6557 | D:6      | Reached XP level 8. HP: 46/46 MP: 12/15
  6692 | D:6      | Found a hide-covered altar of Uskayaw.
  6930 | D:6      | Gained mutation: Your natural rate of healing is unusually fast. [potion of mutation]
  6930 | D:6      | Gained mutation: You are partially covered in rugged brown scales. (AC +1, +3% HP) [potion of mutation]
  7052 | D:6      | Reached skill level 5 in Spellcasting
  7201 | D:6      | Reached skill level 9 in Air Magic
  7392 | D:6      | Found Hafipt's General Store.
  7558 | D:6      | Learned a level 5 spell: Iskenderun's Battlesphere
  7830 | D:6      | Reached XP level 9. HP: 53/53 MP: 12/18
  7842 | D:6      | Reached * piety under Vehumet
  7842 | D:6      | Offered knowledge of Sandblast by Vehumet.
  7973 | D:6      | Reached skill level 1 in Charms
  7987 | D:6      | Cast into level 2 of the Abyss (gnoll sergeant)
  7994 | Abyss:2  | Found a corrupted altar of Lugonu.
  8064 | Abyss:2  | Noticed a smoke demon
  8081 | Abyss:2  | Noticed a thrashing horror
  8083 | Abyss:2  | Noticed a thrashing horror
  8090 | Abyss:2  | Noticed a smoke demon
  8098 | Abyss:2  | Noticed a glowing orange brain
  8109 | Abyss:2  | Mangled by a thrashing horror

Skill      XL: |  1  2  3  4  5  6  7  8  9 |
---------------+----------------------------+-----
Conjurations   | 2 3 4 5 6 |  6.0
Fighting       | 1 2 3 4 |  4.7
Air Magic      | 5 6 7 8 9 |  9.3
Spellcasting   | 3 4 5 |  5.6
Dodging        | 3 |  3.6
Charms         | 1 |  1.2
Stealth        | |  2.0

Action                   |  1- 3 |  4- 6 |  7- 9 || total
-------------------------+-------+-------+-------++-------
Melee: Halberd           |       |    14 |       ||    14
       Kick              |       |     2 |    17 ||    19
       Peck              |       |     1 |    17 ||    18
       Dagger            |       |       |    71 ||    71
 Cast: Shock             |    55 |   123 |   137 ||   315
       Airstrike         |       |       |    21 ||    21
 Abil: Fly               |       |       |     9 ||     9
Evoke: Wand              |       |       |     1 ||     1
  Use: Scroll            |       |     1 |     9 ||    10
       Potion            |       |       |     5 ||     5
 Stab: Sleeping          |       |       |     2 ||     2
  Eat: Chunk             |     2 |    10 |    12 ||    24
       Ration            |       |       |     1 ||     1
Armor: Robe              |    11 |     9 |    28 ||    48
Dodge: Dodged            |    12 |    28 |    90 ||   130
